 Dungeon Crawl Stone Soup version 0.19.5 (webtiles) character file.

93 McKennaii the Firebug (level 4, 0/24 HPs)
             Began as a Deep Elf Fire Elementalist on May 17, 2017.
             Slain by an adder (5 damage)
             ... on level 3 of the Dungeon.
             The game lasted 00:04:12 (2200 turns).

McKennaii the Firebug (Deep Elf Fire Elementalist)  Turns: 2200, Time: 00:04:12

Health: 0/24       AC:  6    Str:  5    XL:     4   Next: 36%
Magic:  0/11       EV: 12    Int: 21    God:
Gold:   82         SH:  0    Dex: 15    Spells: 3 memorised, 4 levels left

rFire  . . .     SeeInvis .     d - -3 short sword (curse)
rCold  + . .     Gourm    .     h - +1 leather armour {rC+}
rNeg   . . .     Faith    .     (no shield)
rPois  .         Spirit   .     s - +0 helmet (curse)
rElec  .         Reflect  .     f - +0 cloak
rCorr  .         Harm     .     (no gloves)
MR     .....                    (no boots)
Stlth  ++........               (no amulet)
                                (no ring)
                                (no ring)

@: lethally poisoned (0 -> -4)
A: no striking features
a: no special abilities


You were on level 3 of the Dungeon.
You were not hungry.

You visited 1 branch of the dungeon, and saw 3 of its levels.

You collected 82 gold pieces.

Inventory:

Hand Weapons
 d - a cursed -3 short sword (weapon)
 m - a +0 dagger of freezing
Armour
 f - a +0 cloak (worn)
 h - a +1 leather armour of cold resistance (worn)
 s - a cursed +0 helmet (worn)
Scrolls
 a - a scroll of amnesia
 e - 2 scrolls of identify
Potions
 g - 2 potions of curing
 i - a potion of ambrosia {unknown}
 j - 4 potions of agility {unknown}
 k - a potion of haste {unknown}
 l - a potion of berserk rage {unknown}
 n - a potion of heal wounds {unknown}
 o - a potion of might {unknown}
 q - a potion of cure mutation {unknown}
Books
 b - a book of Flames

   Spells                             Type                      Level
   a - Flame Tongue                   Conjuration/Fire             1
   b - Throw Flame                    Conjuration/Fire             2
   c - Conjure Flame                  Conjuration/Fire             3
   d - Inner Flame                    Hexes/Fire                   3
   e - Sticky Flame                   Conjuration/Fire             4
   f - Fireball                       Conjuration/Fire             5
Comestibles
 c - 4 bread rations
 r - a meat ration


   Skills:
 + Level 0.1 Fighting
 + Level 0.2 Short Blades
 + Level 3.0 Dodging
 + Level 2.6 Stealth
 + Level 3.9 Spellcasting
 + Level 1.9 Conjurations
 + Level 4.5 Fire Magic


You had 4 spell levels left.
You knew the following spells:

 Your Spells              Type           Power        Failure   Level  Hunger
a - Flame Tongue          Conj/Fire      ###..        8%          1    None
b - Throw Flame           Conj/Fire      ###...       10%         2    #......
c - Conjure Flame         Conj/Fire      ###.....     17%         3    ###....


Dungeon Overview and Level Annotations

Branches:
Dungeon (3/15)

Altars:


Message History

Casting: Flame Tongue
Confirm with . or Enter, or press ? or * to list all spells.
Aiming: Flame Tongue
Press: ? - help, Shift-Dir - straight line, f/p - adder
Aim: an adder (heavily wounded)
The flame tongue misses the adder.
The adder bites you but does no damage. The adder barely misses you.
You see here a scroll of amnesia.
You feel sick.
You are no longer poisoned.
The adder bites you.
* * * LOW HITPOINT WARNING * * *
You are poisoned.
The adder poisons you!
* * * LOW HITPOINT WARNING * * *
You feel sick.
You hit the adder.
The adder is severely wounded.
The adder bites you.
You die...

.. ... ....
###########....
###...@..........
.......S........##
..................
................##
..........?.......
................##
................#
................#
...............#


You could see an adder.

Vanquished Creatures
  An adder (D:2)
  2 oozes (D:1)
  3 worms
  A dart slug (D:2)
  5 leopard geckos
  2 giant cockroaches
  7 goblins
  9 hobgoblins
  6 jackals
  5 bats
  5 frilled lizards
  4 kobolds
  8 rats
58 creatures vanquished.

Notes
Turn   | Place    | Note
-------+----------+-------------------------------------------
     0 | D:1      | McKennaii the Deep Elf Fire Elementalist began the quest for the Orb.
     0 | D:1      | Reached XP level 1. HP: 10/10 MP: 6/6
   268 | D:1      | Reached XP level 2. HP: 13/15 MP: 2/8
   603 | D:1      | Reached skill level 4 in Fire Magic
   663 | D:1      | Reached XP level 3. HP: 19/19 MP: 5/9
  1567 | D:2      | Reached XP level 4. HP: 17/24 MP: 6/11
  1858 | D:2      | Learned a level 2 spell: Throw Flame
  1862 | D:2      | Learned a level 3 spell: Conjure Flame
  2200 | D:3      | Slain by an adder

Skill      XL: |  1  2  3 |
---------------+----------+-----
Fire Magic     | 4 |  4.5
Dodging        | 3 |  3.0
Fighting       | |  0.1
Short Blades   | |  0.2
Stealth        | |  2.6
Spellcasting   | |  3.9
Conjurations   | |  1.9

Action                   |  1- 3 |  4- 6 || total
-------------------------+-------+-------++-------
Melee: Short sword       |     7 |    11 ||    18
 Cast: Flame Tongue      |    92 |    31 ||   123
       Throw Flame       |       |     1 ||     1
  Use: Scroll            |     2 |     2 ||     4
  Eat: Chunk             |     2 |     2 ||     4
Armor: Robe              |    23 |     3 ||    26
       Leather armour    |       |     5 ||     5
Dodge: Dodged            |    61 |    17 ||    78
